 Dungeon Crawl Stone Soup version 0.21.1 (webtiles) character file.

350 letownia2 the Covered (level 6, 32/47 HPs)
             Began as a Formicid Artificer on Feb 2, 2018.
             Quit the game on level 4 of the Dungeon.
             The game lasted 00:08:41 (2917 turns).

letownia2 the Covered (Formicid Artificer)          Turns: 2917, Time: 00:08:42

Health: 32/47      AC:  9    Str: 20      XL:     6   Next: 92%
Magic:  0/8        EV: 10    Int: 12      God:
Gold:   84         SH:  3    Dex:  3 (11) Spells: 0/5 levels left

rFire    + . .     SeeInvis +   a - +0 short sword
rCold    x . .     Gourm    .   j - +0 buckler
rNeg     . . .     Faith    .   r - +0 scale mail
rPois    .         Spirit   +   (helmet unavailable)
rElec    .         Reflect  .   o - +1 cloak
rCorr    .         Harm     .   (no gloves)
MR       .....                  (no boots)
Stlth    ..........             v - amulet of guardian spirit
HPRegen  0.15/turn              u - +3 ring of strength
MPRegen  0.11/turn              t - ring of fire

@: no status effects
A: permanent stasis, dig shafts and tunnels, four strong arms, antennae 3
a: Dig, Shaft Self


You were on level 4 of the Dungeon.
You were not hungry.

You visited 1 branch of the dungeon, and saw 6 of its levels.

You collected 84 gold pieces.

Inventory:

Hand Weapons
 a - a +0 short sword (weapon)
Missiles
 q - 16 bolts
Armour
 b - a +0 leather armour
 j - a +0 buckler (worn)
 o - a +1 cloak (worn)
 r - a +0 scale mail (worn)
Jewellery
 t - a ring of fire (right hand)
 u - a +3 ring of strength (left hand)
 v - an amulet of guardian spirit (around neck)
Wands
 c - a wand of iceblast (4)
 d - a wand of enslavement (12)
 e - a wand of random effects (11)
Scrolls
 k - 5 scrolls of identify {unknown}
 l - a scroll of fear {unknown}
 p - a scroll of enchant weapon {unknown}
 y - a scroll of noise {unknown}
Potions
 g - a potion of agility {unknown}
 h - a potion of degeneration {unknown}
 m - 2 potions of heal wounds {unknown}
 n - a potion of lignification {unknown}
 s - a potion of might {unknown}
 w - a potion of haste {unknown}
 x - 2 potions of mutation {unknown}
 z - a potion of cancellation {unknown}
Books
 i - a book of Clouds

   Spells                             Type                      Level
   a - Poisonous Vapours              Poison/Air                   2
   b - Mephitic Cloud                 Conjuration/Poison/Air       3
   c - Conjure Flame                  Conjuration/Fire             3
   d - Freezing Cloud                 Conjuration/Ice/Air          6
   e - Ring of Flames                 Charms/Fire                  7
Comestibles
 f - a ration


   Skills:
 + Level 3.5 Fighting
 - Level 1.0 Short Blades
 - Level 4.2 Armour
 - Level 1.9 Dodging
 - Level 1.2 Stealth
 - Level 3.3 Shields
 + Level 0.4 Spellcasting
 + Level 0.2 Air Magic
 + Level 0.6 Poison Magic
 - Level 3.8 Evocations


You couldn't memorise any spells.
You knew the following spells:

 Your Spells              Type           Power        Failure   Level  Hunger
e - Mephitic Cloud        Conj/Pois/Air  #.......     93%         3    ####...
p - Poisonous Vapours     Pois/Air       #.....       73%         2    ###....


Dungeon Overview and Level Annotations

Branches:
Dungeon (6/15)
 Temple: D:4-7

Altars:
Ashenzari
Qazlal

Annotations:
D:3 garbagetei's ghost, amateur GnSk
D:4 Andry07's ghost, novice GrFi
D:5 Dowan; Duvessa


Innate Abilities, Weirdness & Mutations

You cannot be hasted, slowed, berserked, paralysed or teleported.
You can dig through walls and to a lower floor.
Your four strong arms can wield two-handed weapons with a shield.
You have a pair of large antennae on your head. (SInv)


Message History

Found 2 bubbling puce potions.
x - 2 bubbling puce potions
z - an emerald potion
y - a scroll labeled JAJUGAFUNY You are starving!
You eat one of the 2 rations.
That ration really hit the spot!
Done exploring.
Done exploring.
Done exploring.
Done exploring.
Put on which piece of jewellery? (? for menu, Esc to quit)
You feel your power drawn to a protective spirit.
v - an amulet of guardian spirit (around neck) Put on which piece of jewellery? (? for menu, Esc to quit)
You feel stronger.
u - a +3 ring of strength (left hand) Put on which piece of jewellery? (? for menu, Esc to quit)
You feel more attuned to fire.
t - a ring of fire (right hand) Are you sure you want to abandon this character and quit the game? (Confirm with "yes".)

#....................####
#.......................#
#...........###'#.......#
#...........# #.#.......#
###...........# #.#......)#
.............W# #.#.......#
###.........#.# #.#.#.....#
..+.........#.###.#.#.#####
###.........#.#.@.#.#.#
..'.........#.#.###.#.#
###.........#.#.# #.#.#
............#.#.###.#.#
###.........#.#.....#.#
#..<........#######.#####
###....####...............#
...#.....#....(######.(...#
...#.....#.....# #.....#


There were no monsters in sight!

Vanquished Creatures
  A bullfrog (D:6)
  A water moccasin skeleton (D:5)
  A wight (D:6)
  A quasit (D:4)
  A hound (D:4)
  Terence (D:4)
  A worker ant (D:4)
  3 hound skeletons
  A worker ant zombie (D:6)
  5 adders
  An ooze (D:5)
  An adder zombie (D:6)
  3 leopard geckos (D:4)
  4 orcs (D:4)
  2 giant cockroaches
  A ball python (D:4)
  A frilled lizard (D:3)
  2 kobolds (D:3)
31 creatures vanquished.

Vanquished Creatures (collateral kills)
  A leopard gecko (D:6)
1 creature vanquished.

Grand Total: 32 creatures vanquished

Notes
Turn   | Place    | Note
-------+----------+-------------------------------------------
     0 | D:1      | letownia2 the Formicid Artificer began the quest for the Orb.
     0 | D:1      | Reached XP level 1. HP: 15/15 MP: 3/3
     7 | D:1      | You fall through a shaft!
    11 | D:2      | Reached XP level 2. HP: 21/21 MP: 4/4
   106 | D:3      | Reached skill level 1 in Shields
   291 | D:4      | Reached XP level 3. HP: 19/27 MP: 5/5
   570 | D:4      | Noticed Andry07's ghost (novice GrFi)
   709 | D:4      | Found a shattered altar of Ashenzari.
   744 | D:4      | Reached XP level 4. HP: 30/34 MP: 6/6
   892 | D:4      | Reached XP level 5. HP: 15/41 MP: 7/7
  1144 | D:3      | Noticed Terence
  1144 | D:3      | Noticed garbagetei's ghost (amateur GnSk)
  1182 | D:4      | Killed Terence
  1436 | D:4      | Reached skill level 1 in Armour
  1654 | D:4      | Found a stormy altar of Qazlal.
  1817 | D:3      | You fall through a shaft!
  1857 | D:3      | You fall through a shaft for 3 floors!
  1876 | D:6      | Reached skill level 2 in Armour
  1885 | D:6      | Noticed a bullfrog
  1917 | D:6      | Reached XP level 6. HP: 6/47 MP: 8/8
  1928 | D:6      | Learned a level 2 spell: Poisonous Vapours
  1996 | D:6      | Reached skill level 3 in Armour
  2189 | D:5      | Entered Level 5 of the Dungeon
  2206 | D:5      | Reached skill level 4 in Armour
  2346 | D:5      | Learned a level 3 spell: Mephitic Cloud
  2426 | D:5      | Noticed Dowan
  2435 | D:5      | Noticed Duvessa
  2645 | D:3      | You fall through a shaft for 2 floors!
  2917 | D:4      | Quit the game

Skill      XL: |  1  2  3  4  5  6 |
---------------+-------------------+-----
Shields        | 1 2 3 |  3.3
Fighting       | 2 3 |  3.5
Armour         | 2 4 |  4.2
Short Blades   | |  1.0
Dodging        | |  1.9
Stealth        | |  1.2
Spellcasting   | |  0.4
Air Magic      | |  0.2
Poison Magic   | |  0.6
Evocations     | |  3.8

Action                   |  1- 3 |  4- 6 || total
-------------------------+-------+-------++-------
Melee: Short sword       |    65 |   235 ||   300
 Abil: Shaft Self        |     1 |     3 ||     4
       Dig               |     1 |     2 ||     3
Evoke: Wand              |     6 |    17 ||    23
 Stab: Paralysed         |       |     7 ||     7
  Eat: Chunk             |       |     3 ||     3
       Ration            |       |     2 ||     2
Armor: Leather armour    |    20 |    27 ||    47
       Scale mail        |       |   161 ||   161
Dodge: Dodged            |    47 |   214 ||   261
Block: Buckler           |    11 |    73 ||    84
